Wolfpack vs Eagles
(R1)
Created - December 29, 2021 at 09:12
Goals
|
| Wolfpack |
0 |
0 |
2 |
2 |
| Eagles |
1 |
2 |
1 |
4 |
|
Shots
|
| Wolfpack |
6 |
6 |
12 |
24 |
| Eagles |
6 |
8 |
16 |
30 |
|
1st period
1. Eagles , Jonathan Marchessault 6 (Daniel Carr 7) at 0:37
Penalties :
Stefan Noesen (Har) for Tripping (Minor) at 11:02
2nd period
2. Eagles , Matteson Iacopelli 1 (Tomas Tatar 4, Drake Caggiula 2) at 0:54
3. Eagles , Connor Carrick 1 (John Ramage 4) at 16:51 (PP)
Penalties :
Ryan Dzingel (Har) for Hooking (Minor) at 2:16, Ryan Dzingel (Har) for Hooking (Minor) at 5:35, Dave Dziurzynski (Har) for Cross-checking (Minor) at 9:24, Henrik Samuelsson (Har) for Hooking (Minor) at 14:52
3rd period
4. Wolfpack , Ryan Dzingel 2 (Dave Dziurzynski 2) at 4:44
5. Eagles , Drake Caggiula 4 (Tomas Tatar 5, Joel Edmundson 5) at 6:31 (PP)
6. Wolfpack , Maxime Sauvé 4 (Stefan Noesen 8, Steven Santini 3) at 16:47
Penalties :
Maxime Sauvé (Har) for Slashing (Minor) at 2:44, Samuel Blais (Har) for Hooking (Minor) at 5:27, Dave Dziurzynski (Har) for Delaying the game (Minor) at 7:39
Goalie Stats
Samuel Montembeault (Har), 26 saves from 30 shots - (0.867), L, 2-4-0, 60:00 minutes
Marek Mazanek (Col), 22 saves from 24 shots - (0.917), W, 5-2-0, 60:00 minutes
Players Stats for Wolfpack
Player Name G A P +/- PIM S H SB GA TA FO MP PP MP PK MP
------------------------------------------------------------------------------------
Alex Barre-Boulet 0 0 0 0 0 0 1 0 0 0 1/1 12:09 0:00 0:00
Colton White 0 0 0 1 0 0 1 2 0 0 0/0 10:25 0:00 0:00
Connor Chatam 0 0 0 0 0 0 2 0 0 0 0/1 5:46 0:00 0:00
Dave Dziurzynski 0 1 1 1 4 2 3 1 0 0 0/1 21:37 0:00 5:42
David Pope 0 0 0 0 0 0 0 0 0 1 0/0 11:16 0:00 4:41
Derrick Pouliot 0 0 0 -1 0 0 3 2 1 2 0/0 27:32 0:00 8:16
Henrik Samuelsson 0 0 0 0 2 3 0 0 0 1 6/13 17:36 0:00 5:30
Kevin Roy 0 0 0 0 0 1 0 0 0 0 0/2 8:02 0:00 2:16
Maxime Sauvé 1 0 1 1 2 5 2 0 1 1 13/25 21:27 0:00 6:00
Mikhail Sergachev 0 0 0 0 0 1 2 1 0 0 0/0 22:03 0:00 6:41
Ryan Culkin 0 0 0 1 0 2 1 1 0 0 0/0 10:25 0:00 0:00
Ryan Dzingel 1 0 1 0 4 3 0 1 0 0 1/2 16:10 0:00 5:01
Samuel Blais 0 0 0 0 2 1 1 0 0 0 0/0 12:55 0:00 0:44
Sebastian Collberg 0 0 0 -1 0 1 0 0 2 0 0/0 10:28 0:00 0:00
Seth Griffith 0 0 0 -1 0 2 1 0 0 0 5/8 11:36 0:00 0:00
Stefan Noesen 0 1 1 0 2 1 1 0 1 1 0/1 15:53 0:00 0:00
Steven Santini 0 1 1 -1 0 0 1 0 0 1 0/0 27:32 0:00 8:16
Vince Dunn 0 0 0 0 0 2 0 2 2 0 0/0 22:03 0:00 6:41
Players Stats for Eagles
Player Name G A P +/- PIM S H SB GA TA FO MP PP MP PK MP
------------------------------------------------------------------------------------
Connor Carrick 1 0 1 1 0 1 0 1 0 0 0/0 10:04 0:04 0:00
Daniel Carr 0 1 1 0 0 6 1 1 0 1 1/1 25:03 8:45 0:00
Dmitrij Jaskin 0 0 0 0 0 1 1 0 0 0 0/0 23:04 8:49 0:00
Drake Caggiula 1 1 2 0 0 5 1 1 1 0 6/11 19:38 6:04 0:00
Jared McCann 0 0 0 0 0 0 4 0 0 0 1/4 14:53 0:00 0:00
Joel Edmundson 0 1 1 0 0 0 0 1 1 1 0/0 25:15 9:14 0:00
John Ramage 0 1 1 -1 0 2 0 1 0 1 0/0 19:53 5:43 0:00
Jonathan Marchessault 1 0 1 0 0 6 4 0 1 1 16/27 22:37 8:38 0:00
Jonathan Racine 0 0 0 0 0 0 1 0 0 0 0/0 4:52 0:00 0:00
Joseph Blandisi 0 0 0 0 0 0 2 0 2 1 0/0 12:03 0:00 0:00
Matteson Iacopelli 1 0 1 0 0 2 0 0 0 0 1/1 19:38 6:04 0:00
Michael Dal Colle 0 0 0 0 0 0 0 0 0 0 0/0 4:52 0:00 0:00
Pius Suter 0 0 0 0 0 0 0 0 0 0 0/0 2:02 0:08 0:00
Ryan Murphy 0 0 0 -1 0 0 1 0 0 0 0/0 19:53 5:43 0:00
Sam Steel 0 0 0 0 0 0 0 0 0 0 0/0 0:19 0:00 0:00
Stefan Elliott 0 0 0 0 0 2 3 2 1 1 0/0 25:15 9:14 0:00
Thomas Chabot 0 0 0 1 0 0 1 1 0 0 0/0 10:00 0:00 0:00
Tomas Tatar 0 2 2 0 0 3 0 0 0 0 0/0 19:43 6:04 0:00
Tyler Motte 0 0 0 0 0 0 1 0 0 0 1/2 4:01 0:15 0:00
Xavier Ouellet 0 0 0 0 0 0 0 0 0 0 0/0 4:52 0:00 0:00
Zach Aston-Reese 0 0 0 0 0 2 1 0 1 1 2/8 12:03 0:00 0:00
3 Stars
1 - Drake Caggiula (Col)
2 - Jonathan Marchessault (Col)
3 - Connor Carrick (Col)
Power Play
Wolfpack - 0 on 0 Attempt(s) - 0.00%
Eagles - 2 on 8 Attempt(s) - 25.00%
Penalty Kill
Wolfpack - 6 on 8 Attempt(s) - 75.00%
- Score 0 goal in Penalty Kill
Eagles - 0 on 0 Attempt(s) - 0.00%
- Score 0 goal in Penalty Kill
Team Stat
Wolfpack - Hits : 19 - Faceoff Wins : 26 - Blocked Shots : 10 - Penalty Minutes : 16
Eagles - Hits : 21 - Faceoff Wins : 28 - Blocked Shots : 8 - Penalty Minutes : 0
Official
Referees : Gord Dwyer and Kelly Sutherland
Linesman : Ryan Daisy and Devin Berg
Game Notes
No Game Note
Finance
Level 1 -- Attendance: 1922 (96.10%) -- Ticket Income $67,270
Level 2 -- Attendance: 891 (89.10%) -- Ticket Income $13,365
Total Attendance: 2813 (93.77%)
Total Ticket Income: $80,635
Other Income: $4,032
Total Income: $84,667
Wolfpack
5 vs 5 Forward
Center Left Wing Right Wing Time % Phy DF OF
1 Maxime Sauvé Dave Dziurzynski Stefan Noesen 40 1 2 2
2 Henrik Samuelsson Samuel Blais Alex Barre-Boulet 30 1 2 2
3 Seth Griffith Ryan Dzingel Sebastian Collberg 20 1 2 2
4 Kevin Roy David Pope Connor Chatam 10 1 2 2
5 vs 5 Defense
Defense Defense Time % Phy DF OF
1 Derrick Pouliot Steven Santini 40 1 2 2
2 Vince Dunn Mikhail Sergachev 30 1 2 2
3 Ryan Culkin Colton White 20 1 2 2
4 Derrick Pouliot Steven Santini 10 1 2 2
PowerPlay Forward
Center Left Wing Right Wing Time % Phy DF OF
1 Maxime Sauvé Dave Dziurzynski Stefan Noesen 60 1 2 2
2 Henrik Samuelsson Ryan Dzingel Samuel Blais 40 1 2 2
PowerPlay Defense
Defense Defense Time % Phy DF OF
1 Derrick Pouliot Steven Santini 60 1 2 2
2 Vince Dunn Mikhail Sergachev 40 1 2 2
Penalty Kill 4 Players Forward
Center Wing Time % Phy DF OF
1 Maxime Sauvé Dave Dziurzynski 60 1 2 2
2 Henrik Samuelsson Ryan Dzingel 40 1 2 2
Penalty Kill 4 Players Defense
Defense Defense Time % Phy DF OF
1 Derrick Pouliot Steven Santini 60 1 2 2
2 Vince Dunn Mikhail Sergachev 40 1 2 2
Penalty Kill - 3 Players Forward
Forward Time % Phy DF OF
1 Maxime Sauvé 60 1 2 2
2 Henrik Samuelsson 40 1 2 2
Penalty Kill - 3 Players Defense
Defense Defense Time % Phy DF OF
1 Derrick Pouliot Steven Santini 60 1 2 2
2 Vince Dunn Mikhail Sergachev 40 1 2 2
4 vs 4 Forward
Center Wing Time % Phy DF OF
1 Maxime Sauvé Dave Dziurzynski 60 1 2 2
2 Henrik Samuelsson Ryan Dzingel 40 1 2 2
4 vs 4 Defense
Defense Defense Time % Phy DF OF
1 Derrick Pouliot Steven Santini 60 1 2 2
2 Vince Dunn Mikhail Sergachev 40 1 2 2
Last Minutes Offensive
Center Left Wing Right Wing Defense Defense
Maxime Sauvé Dave Dziurzynski Stefan Noesen Derrick Pouliot Steven Santini
Last Minutes Defensive
Center Left Wing Right Wing Defense Defense
Maxime Sauvé Dave Dziurzynski Stefan Noesen Derrick Pouliot Steven Santini
Goaltenders
Starting : Samuel Montembeault
Backup : Mike Condon
Extra Forwards
Normal : Ryan Dzingel, David Pope, Seth Griffith - PP : Ryan Dzingel, David Pope - PK : Ryan Dzingel
Extra Defensemen
Normal : Mikhail Sergachev, Ryan Culkin, Colton White - PP : Mikhail Sergachev - PK : Mikhail Sergachev, Ryan Culkin
Penalty Shots
Maxime Sauvé, Stefan Noesen, Dave Dziurzynski, Henrik Samuelsson, Ryan Dzingel
Scratches
Adam Lowry (Healthy), Dryden Hunt (Healthy), Jacob Middleton (Healthy), Jake Marchment (Healthy), Joel Kiviranta (Healthy)
Joshua Jacobs (Healthy), Keegan Kolesar (Healthy), Mikhail Vorobyev (Healthy), Will Borgen (Healthy), Alexander Barabanov (Healthy)
Andrew Peeke (Healthy), Dante Fabbro (Healthy), Jeffrey Viel (Healthy), Yegor Korshkov (Healthy), Jake Paterson (Healthy)
Eagles
5 vs 5 Forward
Center Left Wing Right Wing Time % Phy DF OF
1 Jonathan Marchessault Daniel Carr Dmitrij Jaskin 40 1 2 2
2 Drake Caggiula Tomas Tatar Matteson Iacopelli 30 1 2 2
3 Zach Aston-Reese Joseph Blandisi Jared McCann 20 1 2 2
4 Jared McCann Michael Dal Colle Daniel Carr 10 1 2 2
5 vs 5 Defense
Defense Defense Time % Phy DF OF
1 Joel Edmundson Stefan Elliott 40 1 2 2
2 Ryan Murphy John Ramage 30 1 2 2
3 Connor Carrick Thomas Chabot 20 1 2 2
4 Jonathan Racine Xavier Ouellet 10 1 2 2
PowerPlay Forward
Center Left Wing Right Wing Time % Phy DF OF
1 Jonathan Marchessault Daniel Carr Dmitrij Jaskin 60 1 2 2
2 Drake Caggiula Tomas Tatar Matteson Iacopelli 40 1 2 2
PowerPlay Defense
Defense Defense Time % Phy DF OF
1 Joel Edmundson Stefan Elliott 60 1 2 2
2 Ryan Murphy John Ramage 40 1 2 2
Penalty Kill 4 Players Forward
Center Wing Time % Phy DF OF
1 Daniel Carr Tomas Tatar 60 1 2 2
2 Jonathan Marchessault Dmitrij Jaskin 40 1 2 2
Penalty Kill 4 Players Defense
Defense Defense Time % Phy DF OF
1 Joel Edmundson Stefan Elliott 60 1 2 2
2 Ryan Murphy John Ramage 40 1 2 2
Penalty Kill - 3 Players Forward
Forward Time % Phy DF OF
1 Daniel Carr 60 1 2 2
2 Tomas Tatar 40 1 2 2
Penalty Kill - 3 Players Defense
Defense Defense Time % Phy DF OF
1 Joel Edmundson Stefan Elliott 60 1 2 2
2 Ryan Murphy John Ramage 40 1 2 2
4 vs 4 Forward
Center Wing Time % Phy DF OF
1 Daniel Carr Tomas Tatar 60 1 2 2
2 Jonathan Marchessault Dmitrij Jaskin 40 1 2 2
4 vs 4 Defense
Defense Defense Time % Phy DF OF
1 Joel Edmundson Stefan Elliott 60 1 2 2
2 Ryan Murphy John Ramage 40 1 2 2
Last Minutes Offensive
Center Left Wing Right Wing Defense Defense
Jonathan Marchessault Daniel Carr Dmitrij Jaskin Joel Edmundson Stefan Elliott
Last Minutes Defensive
Center Left Wing Right Wing Defense Defense
Jonathan Marchessault Daniel Carr Dmitrij Jaskin Joel Edmundson Stefan Elliott
Goaltenders
Starting : Marek Mazanek
Backup : Antoine Bibeau
Extra Forwards
Normal : Tyler Motte, Pius Suter, Sam Steel - PP : Tyler Motte, Pius Suter - PK : Sam Steel
Extra Defensemen
Normal : Connor Carrick, Thomas Chabot, Jonathan Racine - PP : Connor Carrick - PK : Thomas Chabot, Jonathan Racine
Penalty Shots
Daniel Carr, Tomas Tatar, Jonathan Marchessault, Dmitrij Jaskin, Joseph Blandisi
Scratches
Anthony Duclair (Strained Right Elbow Injury), Chris Calhan (Healthy), Dominik Kubalik (Healthy), Mark Friedman (Healthy), Keaton Middleton (Healthy)
Max Lajoie (Healthy), Pascal Laberge (Healthy), Adin Hill (Healthy)
% Time on Ice - Wolfpack
Lines # - Real PCT - Wanted PCT - Time Play
Normal Forward
1 - 37% - 40% - 16:39
2 - 27% - 30% - 12:10
3 - 23% - 20% - 10:28
4 - 13% - 10% - 5:46
Normal Defense
1 - 40% - 40% - 18:01
2 - 34% - 30% - 15:22
3 - 23% - 20% - 10:25
4 - 3% - 10% - 1:15
PP Forward
1 - 0% - 60%
2 - 0% - 40%
PP Defense
1 - 0% - 60%
2 - 0% - 40%
PK Forward
1 - 74% - 60% - 11:05
2 - 26% - 40% - 3:52
PK Defense
1 - 55% - 60% - 8:16
2 - 45% - 40% - 6:41
PK3 Forward
1 - 0% - 60%
2 - 0% - 40%
PK3 Defense
1 - 0% - 60%
2 - 0% - 40%
44 Forward
1 - 0% - 60%
2 - 0% - 40%
44 Defense
1 - 0% - 60%
2 - 0% - 40%
Last Minute Offensive - 0:00
Last Minute Defensive - 0:00
Total
Forward - 60:00
Defense - 60:00
|
% Time on Ice - Eagles
Lines # - Real PCT - Wanted PCT - Time Play
Normal Forward
1 - 31% - 40% - 14:05
2 - 31% - 30% - 14:03
3 - 27% - 20% - 12:03
4 - 11% - 10% - 4:52
Normal Defense
1 - 36% - 40% - 16:01
2 - 31% - 30% - 14:10
3 - 22% - 20% - 10:00
4 - 11% - 10% - 4:52
PP Forward
1 - 59% - 60% - 8:53
2 - 41% - 40% - 6:04
PP Defense
1 - 62% - 60% - 9:14
2 - 38% - 40% - 5:43
PK Forward
1 - 0% - 60%
2 - 0% - 40%
PK Defense
1 - 0% - 60%
2 - 0% - 40%
PK3 Forward
1 - 0% - 60%
2 - 0% - 40%
PK3 Defense
1 - 0% - 60%
2 - 0% - 40%
44 Forward
1 - 0% - 60%
2 - 0% - 40%
44 Defense
1 - 0% - 60%
2 - 0% - 40%
Last Minute Offensive - 0:00
Last Minute Defensive - 0:00
Total
Forward - 60:00
Defense - 60:00
|
Play-by-Play
1st period
0:01 of 1st period - Jonathan Marchessault wins face-off versus Maxime Sauvé in neutral zone.
0:13 of 1st period - Snap shot by Stefan Noesen.
0:13 of 1st period - Stopped by Marek Mazanek with a rebound.
0:29 of 1st period - Snap shot by Ryan Dzingel.
0:29 of 1st period - Shot Misses the Net.
0:35 of 1st period - Snap shot by Daniel Carr.
0:35 of 1st period - Shot Blocked by Vince Dunn.
0:37 of 1st period - Snap shot by Jonathan Marchessault.
0:37 of 1st period - Goal by Jonathan Marchessault - Wolfpack : 0 - Eagles : 1.
0:38 of 1st period - Drake Caggiula wins face-off versus Henrik Samuelsson in neutral zone.
0:43 of 1st period - Snap shot by Tomas Tatar.
0:43 of 1st period - Shot Blocked by Colton White.
1:32 of 1st period - Snap shot by Jonathan Marchessault.
1:32 of 1st period - Shot Misses the Net.
3:08 of 1st period - Slapshot by Thomas Chabot.
3:08 of 1st period - Shot Blocked by Derrick Pouliot.
3:39 of 1st period - Derrick Pouliot is hit by Stefan Elliott and loses puck.
4:08 of 1st period - Slapshot by Sebastian Collberg.
4:08 of 1st period - Deflect By Ryan Dzingel.
4:08 of 1st period - Shot Misses the Net.
4:08 of 1st period - Puck is out of play.
4:09 of 1st period - Jonathan Marchessault wins face-off versus Seth Griffith in Eagles zone.
4:54 of 1st period - Slapshot by Vince Dunn.
4:54 of 1st period - Stopped by Marek Mazanek without a rebound.
4:55 of 1st period - Maxime Sauvé wins face-off versus Jonathan Marchessault in Eagles zone.
5:04 of 1st period - Snap shot by Stefan Noesen.
5:04 of 1st period - Deflect By Dave Dziurzynski.
5:04 of 1st period - Shot Blocked by Stefan Elliott.
5:04 of 1st period - Puck is out of play.
5:05 of 1st period - Maxime Sauvé wins face-off versus Jonathan Marchessault in Eagles zone.
5:16 of 1st period - Slapshot by Stefan Noesen.
5:16 of 1st period - Shot Misses the Net.
5:30 of 1st period - Wrist shot by Dmitrij Jaskin.
5:30 of 1st period - Deflect By Daniel Carr.
5:30 of 1st period - Shot Blocked by Colton White.
5:30 of 1st period - Puck is out of play.
5:31 of 1st period - Henrik Samuelsson wins face-off versus Drake Caggiula in Wolfpack zone.
6:17 of 1st period - Snap shot by Maxime Sauvé.
6:17 of 1st period - Shot Misses the Net.
6:19 of 1st period - Snap shot by Dave Dziurzynski.
6:19 of 1st period - Shot Blocked by Daniel Carr.
6:45 of 1st period - John Ramage is hit by Colton White and loses puck.
7:39 of 1st period - Maxime Sauvé is hit by Drake Caggiula and loses puck.
8:20 of 1st period - Tomas Tatar is hit by Mikhail Sergachev and loses puck.
8:43 of 1st period - Snap shot by Jonathan Marchessault.
8:43 of 1st period - Stopped by Samuel Montembeault with a rebound.
8:59 of 1st period - Henrik Samuelsson is hit by Jared McCann and loses puck.
9:18 of 1st period - Dmitrij Jaskin is hit by Stefan Noesen and loses puck.
9:25 of 1st period - Snap shot by Maxime Sauvé.
9:25 of 1st period - Stopped by Marek Mazanek with a rebound.
10:11 of 1st period - Jonathan Racine is hit by Dave Dziurzynski and loses puck.
10:30 of 1st period - Icing by Dmitrij Jaskin.
10:31 of 1st period - Henrik Samuelsson wins face-off versus Jonathan Marchessault in Eagles zone.
10:32 of 1st period - Wrist shot by Samuel Blais.
10:32 of 1st period - Stopped by Marek Mazanek with a rebound.
11:02 of 1st period - Minor Penalty to Stefan Noesen for Tripping.
11:03 of 1st period - Jonathan Marchessault wins face-off versus Dave Dziurzynski in Wolfpack zone.
11:04 of 1st period - Slapshot by Daniel Carr.
11:04 of 1st period - Shot Blocked by Dave Dziurzynski.
13:02 of 1st period - Penalty to Stefan Noesen is over, Stefan Noesen is back on ice.
13:03 of 1st period - Henrik Samuelsson is hit by Tyler Motte and loses puck.
14:32 of 1st period - Snap shot by Ryan Dzingel.
14:32 of 1st period - Stopped by Marek Mazanek with a rebound.
16:35 of 1st period - Icing by Samuel Blais.
16:36 of 1st period - Henrik Samuelsson wins face-off versus Tyler Motte in Wolfpack zone.
16:36 of 1st period - Henrik Samuelsson is hit by Jonathan Racine.
17:22 of 1st period - Slapshot by Henrik Samuelsson.
17:22 of 1st period - Deflect By Samuel Blais.
17:22 of 1st period - Shot Misses the Net.
17:22 of 1st period - Puck is out of play.
17:23 of 1st period - Jonathan Marchessault wins face-off versus Maxime Sauvé in Eagles zone.
17:23 of 1st period - Jonathan Marchessault is hit by Maxime Sauvé.
17:30 of 1st period - Vince Dunn is hit by Daniel Carr and loses puck.
17:39 of 1st period - Slapshot by Jonathan Marchessault.
17:39 of 1st period - Stopped by Samuel Montembeault with a rebound.
17:54 of 1st period - Wrist shot by Drake Caggiula.
17:54 of 1st period - Stopped by Samuel Montembeault without a rebound.
17:55 of 1st period - Drake Caggiula wins face-off versus Seth Griffith in Wolfpack zone.
18:29 of 1st period - Snap shot by Seth Griffith.
18:29 of 1st period - Stopped by Marek Mazanek with a rebound.
18:41 of 1st period - Slapshot by Joseph Blandisi.
18:41 of 1st period - Deflect By Zach Aston-Reese.
18:41 of 1st period - Stopped by Samuel Montembeault with a rebound.
18:43 of 1st period - Snap shot by Zach Aston-Reese.
18:43 of 1st period - Stopped by Samuel Montembeault without a rebound.
18:44 of 1st period - Maxime Sauvé wins face-off versus Zach Aston-Reese in Wolfpack zone.
18:53 of 1st period - Snap shot by Stefan Noesen.
18:53 of 1st period - Shot Misses the Net.
19:53 of 1st period - Off-side.
19:54 of 1st period - Maxime Sauvé wins face-off versus Jared McCann in neutral zone.
Goals for this period are 0 for Wolfpack vs 1 for Eagles.
Shots for this period are 6 for Wolfpack vs 6 for Eagles.
2nd period
0:01 of 2nd period - Jonathan Marchessault wins face-off versus Maxime Sauvé in neutral zone.
0:26 of 2nd period - Maxime Sauvé is hit by Joseph Blandisi.
0:52 of 2nd period - Wrist shot by Tomas Tatar.
0:52 of 2nd period - Shot Misses the Net.
0:54 of 2nd period - Wrist shot by Matteson Iacopelli.
0:54 of 2nd period - Goal by Matteson Iacopelli - Wolfpack : 0 - Eagles : 2.
0:55 of 2nd period - Henrik Samuelsson wins face-off versus Jonathan Marchessault in neutral zone.
0:57 of 2nd period - Vince Dunn is hit by Stefan Elliott and loses puck.
1:03 of 2nd period - Off-side.
1:04 of 2nd period - Jonathan Marchessault wins face-off versus Henrik Samuelsson in neutral zone.
1:17 of 2nd period - Wrist shot by Dmitrij Jaskin.
1:17 of 2nd period - Shot Misses the Net.
1:33 of 2nd period - Dmitrij Jaskin is hit by Samuel Blais and loses puck.
1:40 of 2nd period - Vince Dunn is hit by Jonathan Marchessault and loses puck.
1:49 of 2nd period - Slapshot by Vince Dunn.
1:49 of 2nd period - Stopped by Marek Mazanek without a rebound.
1:50 of 2nd period - Maxime Sauvé wins face-off versus Drake Caggiula in Eagles zone.
2:03 of 2nd period - Wrist shot by Drake Caggiula.
2:03 of 2nd period - Deflect By Tomas Tatar.
2:03 of 2nd period - Stopped by Samuel Montembeault with a rebound.
2:16 of 2nd period - Minor Penalty to Ryan Dzingel for Hooking.
2:17 of 2nd period - Jonathan Marchessault wins face-off versus Maxime Sauvé in Wolfpack zone.
2:22 of 2nd period - Wrist shot by Jonathan Marchessault.
2:22 of 2nd period - Shot Misses the Net.
3:45 of 2nd period - Drake Caggiula is hit by Derrick Pouliot and loses puck.
4:16 of 2nd period - Penalty to Ryan Dzingel is over, Ryan Dzingel is back on ice.
4:22 of 2nd period - Mikhail Sergachev is hit by Jared McCann and loses puck.
4:43 of 2nd period - Icing by Connor Carrick.
4:44 of 2nd period - Jared McCann wins face-off versus Henrik Samuelsson in Eagles zone.
5:11 of 2nd period - Wrist shot by Dave Dziurzynski.
5:11 of 2nd period - Shot Blocked by Connor Carrick.
5:13 of 2nd period - Slapshot by Ryan Culkin.
5:13 of 2nd period - Deflect By Connor Carrick.
5:13 of 2nd period - Stopped by Marek Mazanek without a rebound.
5:14 of 2nd period - Seth Griffith wins face-off versus Jonathan Marchessault in Eagles zone.
5:35 of 2nd period - Minor Penalty to Ryan Dzingel for Hooking.
5:36 of 2nd period - Maxime Sauvé wins face-off versus Jonathan Marchessault in Wolfpack zone.
6:01 of 2nd period - Matteson Iacopelli is hit by Steven Santini and loses puck.
7:35 of 2nd period - Penalty to Ryan Dzingel is over, Ryan Dzingel is back on ice.
8:29 of 2nd period - Icing by Connor Carrick.
8:30 of 2nd period - Tyler Motte wins face-off versus Henrik Samuelsson in Eagles zone.
9:06 of 2nd period - Off-side.
9:07 of 2nd period - Jonathan Marchessault wins face-off versus Maxime Sauvé in neutral zone.
9:10 of 2nd period - Snap shot by Daniel Carr.
9:10 of 2nd period - Shot Misses the Net.
9:12 of 2nd period - Slapshot by Jonathan Marchessault.
9:12 of 2nd period - Deflect By Daniel Carr.
9:12 of 2nd period - Deflect By Steven Santini.
9:12 of 2nd period - Stopped by Samuel Montembeault with a rebound.
9:14 of 2nd period - Snap shot by Daniel Carr.
9:14 of 2nd period - Shot Misses the Net.
9:16 of 2nd period - Slapshot by Daniel Carr.
9:16 of 2nd period - Stopped by Samuel Montembeault with a rebound.
9:18 of 2nd period - Wrist shot by Daniel Carr.
9:18 of 2nd period - Stopped by Samuel Montembeault with a rebound.
9:24 of 2nd period - Minor Penalty to Dave Dziurzynski for Cross-checking.
9:25 of 2nd period - Jonathan Marchessault wins face-off versus Maxime Sauvé in Wolfpack zone.
9:52 of 2nd period - Tomas Tatar is hit by Maxime Sauvé and loses puck.
11:24 of 2nd period - Penalty to Dave Dziurzynski is over, Dave Dziurzynski is back on ice.
11:33 of 2nd period - Slapshot by Derrick Pouliot.
11:33 of 2nd period - Shot Misses the Net.
11:45 of 2nd period - Backhand shot by Seth Griffith.
11:45 of 2nd period - Stopped by Marek Mazanek without a rebound.
11:46 of 2nd period - Zach Aston-Reese wins face-off versus Seth Griffith in Eagles zone.
11:46 of 2nd period - Zach Aston-Reese is hit by Mikhail Sergachev.
12:34 of 2nd period - Slapshot by Mikhail Sergachev.
12:34 of 2nd period - Stopped by Marek Mazanek without a rebound.
12:35 of 2nd period - Seth Griffith wins face-off versus Zach Aston-Reese in Eagles zone.
13:08 of 2nd period - Backhand shot by Tomas Tatar.
13:08 of 2nd period - Stopped by Samuel Montembeault without a rebound.
13:09 of 2nd period - Maxime Sauvé wins face-off versus Jonathan Marchessault in Wolfpack zone.
13:34 of 2nd period - Tomas Tatar is hit by Derrick Pouliot and loses puck.
14:25 of 2nd period - Slapshot by Dave Dziurzynski.
14:25 of 2nd period - Deflect By Stefan Noesen.
14:25 of 2nd period - Shot Blocked by John Ramage.
14:25 of 2nd period - Puck is out of play.
14:26 of 2nd period - Henrik Samuelsson wins face-off versus Jonathan Marchessault in Eagles zone.
14:29 of 2nd period - Snap shot by Henrik Samuelsson.
14:29 of 2nd period - Shot Blocked by Stefan Elliott.
14:52 of 2nd period - Minor Penalty to Henrik Samuelsson for Hooking.
14:53 of 2nd period - Maxime Sauvé wins face-off versus Jonathan Marchessault in Wolfpack zone.
16:51 of 2nd period - Snap shot by Connor Carrick.
16:51 of 2nd period - Goal by Connor Carrick - Wolfpack : 0 - Eagles : 3.
16:52 of 2nd period - Henrik Samuelsson wins face-off versus Zach Aston-Reese in neutral zone.
16:57 of 2nd period - Snap shot by Henrik Samuelsson.
16:57 of 2nd period - Shot Hit the Post.
17:48 of 2nd period - Wrist shot by Sebastian Collberg.
17:48 of 2nd period - Stopped by Marek Mazanek without a rebound.
17:49 of 2nd period - Drake Caggiula wins face-off versus Maxime Sauvé in Eagles zone.
17:54 of 2nd period - Matteson Iacopelli is hit by Dave Dziurzynski and loses puck.
18:40 of 2nd period - Joel Edmundson is hit by Alex Barre-Boulet and loses puck.
18:53 of 2nd period - Snap shot by Drake Caggiula.
18:53 of 2nd period - Stopped by Samuel Montembeault without a rebound.
18:54 of 2nd period - Jonathan Marchessault wins face-off versus Maxime Sauvé in Wolfpack zone.
18:55 of 2nd period - Snap shot by Daniel Carr.
18:55 of 2nd period - Shot Misses the Net.
19:55 of 2nd period - Wrist shot by Henrik Samuelsson.
19:55 of 2nd period - Stopped by Marek Mazanek without a rebound.
19:56 of 2nd period - Jonathan Marchessault wins face-off versus Connor Chatam in Eagles zone.
19:56 of 2nd period - Jonathan Marchessault is hit by Connor Chatam.
Goals for this period are 0 for Wolfpack vs 2 for Eagles.
Shots for this period are 6 for Wolfpack vs 8 for Eagles.
3rd period
0:01 of 3rd period - Jonathan Marchessault wins face-off versus Maxime Sauvé in neutral zone.
0:10 of 3rd period - Wrist shot by Dave Dziurzynski.
0:10 of 3rd period - Shot Misses the Net.
1:19 of 3rd period - Icing by Ryan Murphy.
1:20 of 3rd period - Maxime Sauvé wins face-off versus Jonathan Marchessault in Eagles zone.
1:21 of 3rd period - Snap shot by Dave Dziurzynski.
1:21 of 3rd period - Stopped by Marek Mazanek with a rebound.
1:31 of 3rd period - Wrist shot by Maxime Sauvé.
1:31 of 3rd period - Shot Misses the Net.
1:39 of 3rd period - Snap shot by John Ramage.
1:39 of 3rd period - Stopped by Samuel Montembeault with a rebound.
1:45 of 3rd period - Daniel Carr is hit by Derrick Pouliot and loses puck.
2:06 of 3rd period - Wrist shot by Dmitrij Jaskin.
2:06 of 3rd period - Shot Blocked by Ryan Dzingel.
2:08 of 3rd period - Slapshot by Dmitrij Jaskin.
2:08 of 3rd period - Stopped by Samuel Montembeault with a rebound.
2:10 of 3rd period - Wrist shot by Daniel Carr.
2:10 of 3rd period - Stopped by Samuel Montembeault without a rebound.
2:11 of 3rd period - Maxime Sauvé wins face-off versus Drake Caggiula in Wolfpack zone.
2:18 of 3rd period - Snap shot by Dave Dziurzynski.
2:18 of 3rd period - Stopped by Marek Mazanek with a rebound.
2:20 of 3rd period - Wrist shot by Dave Dziurzynski.
2:20 of 3rd period - Shot Misses the Net.
2:22 of 3rd period - Snap shot by Stefan Noesen.
2:22 of 3rd period - Deflect By Maxime Sauvé.
2:22 of 3rd period - Deflect By Stefan Elliott.
2:22 of 3rd period - Stopped by Marek Mazanek without a rebound.
2:23 of 3rd period - Drake Caggiula wins face-off versus Maxime Sauvé in Eagles zone.
2:44 of 3rd period - Minor Penalty to Maxime Sauvé for Slashing.
2:45 of 3rd period - Jonathan Marchessault wins face-off versus Ryan Dzingel in Wolfpack zone.
3:10 of 3rd period - Steven Santini is hit by Jonathan Marchessault and loses puck.
3:46 of 3rd period - Vince Dunn is hit by Jonathan Marchessault and loses puck.
3:51 of 3rd period - Wrist shot by Jonathan Marchessault.
3:51 of 3rd period - Stopped by Samuel Montembeault with a rebound.
4:12 of 3rd period - Icing by Joel Edmundson.
4:13 of 3rd period - Daniel Carr wins face-off versus Kevin Roy in Eagles zone.
4:28 of 3rd period - Snap shot by Jonathan Marchessault.
4:28 of 3rd period - Stopped by Samuel Montembeault with a rebound.
4:30 of 3rd period - Wrist shot by Daniel Carr.
4:30 of 3rd period - Shot Misses the Net.
4:32 of 3rd period - Slapshot by Joel Edmundson.
4:32 of 3rd period - Shot Misses the Net.
4:34 of 3rd period - Wrist shot by Daniel Carr.
4:34 of 3rd period - Stopped by Samuel Montembeault without a rebound.
4:35 of 3rd period - Ryan Dzingel wins face-off versus Drake Caggiula in Wolfpack zone.
4:44 of 3rd period - Penalty to Maxime Sauvé is over, Maxime Sauvé is back on ice.
4:44 of 3rd period - Snap shot by Ryan Dzingel.
4:44 of 3rd period - Goal by Ryan Dzingel - Wolfpack : 1 - Eagles : 3.
4:45 of 3rd period - Matteson Iacopelli wins face-off versus Maxime Sauvé in neutral zone.
4:52 of 3rd period - Wrist shot by Drake Caggiula.
4:52 of 3rd period - Stopped by Samuel Montembeault with a rebound.
4:54 of 3rd period - Snap shot by Matteson Iacopelli.
4:54 of 3rd period - Stopped by Samuel Montembeault without a rebound.
4:55 of 3rd period - Maxime Sauvé wins face-off versus Drake Caggiula in Wolfpack zone.
4:55 of 3rd period - Dave Dziurzynski is hit by Ryan Murphy and loses puck.
5:02 of 3rd period - Snap shot by Tomas Tatar.
5:02 of 3rd period - Shot Misses the Net.
5:04 of 3rd period - Slapshot by John Ramage.
5:04 of 3rd period - Shot Blocked by Derrick Pouliot.
5:14 of 3rd period - Snap shot by Matteson Iacopelli.
5:14 of 3rd period - Shot Misses the Net.
5:16 of 3rd period - Slapshot by John Ramage.
5:16 of 3rd period - Stopped by Samuel Montembeault with a rebound.
5:18 of 3rd period - Slapshot by Tomas Tatar.
5:18 of 3rd period - Stopped by Samuel Montembeault with a rebound.
5:20 of 3rd period - Slapshot by Drake Caggiula.
5:20 of 3rd period - Stopped by Samuel Montembeault without a rebound.
5:21 of 3rd period - Zach Aston-Reese wins face-off versus Henrik Samuelsson in Wolfpack zone.
5:27 of 3rd period - Minor Penalty to Samuel Blais for Hooking.
5:28 of 3rd period - Maxime Sauvé wins face-off versus Jonathan Marchessault in Wolfpack zone.
6:23 of 3rd period - Off-side.
6:24 of 3rd period - Drake Caggiula wins face-off versus Henrik Samuelsson in neutral zone.
6:29 of 3rd period - Snap shot by Tomas Tatar.
6:29 of 3rd period - Shot Blocked by Mikhail Sergachev.
6:31 of 3rd period - Snap shot by Drake Caggiula.
6:31 of 3rd period - Goal by Drake Caggiula - Wolfpack : 1 - Eagles : 4.
6:32 of 3rd period - Jonathan Marchessault wins face-off versus Maxime Sauvé in neutral zone.
6:35 of 3rd period - Stefan Noesen is hit by Dmitrij Jaskin and loses puck.
6:46 of 3rd period - Snap shot by Daniel Carr.
6:46 of 3rd period - Stopped by Samuel Montembeault with a rebound.
6:48 of 3rd period - Snap shot by Jonathan Marchessault.
6:48 of 3rd period - Shot Misses the Net.
7:10 of 3rd period - Wrist shot by Maxime Sauvé.
7:10 of 3rd period - Stopped by Marek Mazanek with a rebound.
7:28 of 3rd period - Wrist shot by Maxime Sauvé.
7:28 of 3rd period - Stopped by Marek Mazanek with a rebound.
7:39 of 3rd period - Minor Penalty to Dave Dziurzynski for Delaying the game.
7:40 of 3rd period - Jonathan Marchessault wins face-off versus Henrik Samuelsson in Wolfpack zone.
7:40 of 3rd period - Slapshot by Stefan Elliott.
7:40 of 3rd period - Shot Misses the Net.
7:44 of 3rd period - Snap shot by Jonathan Marchessault.
7:44 of 3rd period - Stopped by Samuel Montembeault with a rebound.
7:46 of 3rd period - Snap shot by Daniel Carr.
7:46 of 3rd period - Shot Blocked by Vince Dunn.
7:48 of 3rd period - Slapshot by Stefan Elliott.
7:48 of 3rd period - Stopped by Samuel Montembeault with a rebound.
8:06 of 3rd period - Henrik Samuelsson is hit by Stefan Elliott and loses puck.
9:39 of 3rd period - Penalty to Dave Dziurzynski is over, Dave Dziurzynski is back on ice.
10:50 of 3rd period - Off-side.
10:51 of 3rd period - Maxime Sauvé wins face-off versus Zach Aston-Reese in neutral zone.
10:56 of 3rd period - Maxime Sauvé is hit by Joseph Blandisi and loses puck.
11:03 of 3rd period - Snap shot by Ryan Culkin.
11:03 of 3rd period - Stopped by Marek Mazanek with a rebound.
11:32 of 3rd period - Slapshot by Mikhail Sergachev.
11:32 of 3rd period - Deflect By Kevin Roy.
11:32 of 3rd period - Shot Misses the Net.
11:32 of 3rd period - Puck is out of play.
11:33 of 3rd period - Drake Caggiula wins face-off versus Kevin Roy in Eagles zone.
11:33 of 3rd period - Drake Caggiula is hit by Connor Chatam.
11:47 of 3rd period - Backhand shot by Vince Dunn.
11:47 of 3rd period - Shot Blocked by Drake Caggiula.
11:49 of 3rd period - Snap shot by Kevin Roy.
11:49 of 3rd period - Stopped by Marek Mazanek with a rebound.
11:59 of 3rd period - Thomas Chabot is hit by Dave Dziurzynski and loses puck.
12:06 of 3rd period - Snap shot by Dave Dziurzynski.
12:06 of 3rd period - Shot Misses the Net.
12:08 of 3rd period - Wrist shot by Stefan Noesen.
12:08 of 3rd period - Shot Blocked by Thomas Chabot.
12:23 of 3rd period - Slapshot by Steven Santini.
12:23 of 3rd period - Deflect By Henrik Samuelsson.
12:23 of 3rd period - Stopped by Marek Mazanek without a rebound.
12:24 of 3rd period - Alex Barre-Boulet wins face-off versus Zach Aston-Reese in Eagles zone.
12:25 of 3rd period - Backhand shot by Henrik Samuelsson.
12:25 of 3rd period - Stopped by Marek Mazanek with a rebound.
12:46 of 3rd period - Slapshot by Stefan Elliott.
12:46 of 3rd period - Stopped by Samuel Montembeault without a rebound.
12:47 of 3rd period - Jonathan Marchessault wins face-off versus Stefan Noesen in Wolfpack zone.
13:41 of 3rd period - Mikhail Sergachev is hit by Thomas Chabot and loses puck.
15:08 of 3rd period - Ryan Dzingel is hit by Jonathan Marchessault and loses puck.
15:33 of 3rd period - Stefan Noesen is hit by Zach Aston-Reese and loses puck.
16:22 of 3rd period - Matteson Iacopelli is hit by Seth Griffith and loses puck.
16:40 of 3rd period - Steven Santini is hit by Jared McCann and loses puck.
16:47 of 3rd period - Wrist shot by Maxime Sauvé.
16:47 of 3rd period - Goal by Maxime Sauvé - Wolfpack : 2 - Eagles : 4.
16:48 of 3rd period - Seth Griffith wins face-off versus Jared McCann in neutral zone.
16:51 of 3rd period - Wrist shot by Ryan Dzingel.
16:51 of 3rd period - Stopped by Marek Mazanek without a rebound.
16:52 of 3rd period - Seth Griffith wins face-off versus Jared McCann in Eagles zone.
17:41 of 3rd period - Snap shot by Samuel Blais.
17:41 of 3rd period - Shot Blocked by Joel Edmundson.
18:06 of 3rd period - Snap shot by Joseph Blandisi.
18:06 of 3rd period - Deflect By Zach Aston-Reese.
18:06 of 3rd period - Shot Blocked by Ryan Culkin.
18:06 of 3rd period - Puck is out of play.
18:07 of 3rd period - Seth Griffith wins face-off versus Zach Aston-Reese in Wolfpack zone.
18:58 of 3rd period - Xavier Ouellet is hit by Ryan Culkin.
19:38 of 3rd period - Snap shot by Tyler Motte.
19:38 of 3rd period - Shot Misses the Net.
19:48 of 3rd period - David Pope is hit by Jared McCann and loses puck.
Goals for this period are 2 for Wolfpack vs 1 for Eagles.
Shots for this period are 12 for Wolfpack vs 16 for Eagles.